 Dungeon Crawl Stone Soup version 0.28-a0-1084-ga282ea246d (webtiles) character file.

Game seed: 10658593966694210285

194990 Jannitor the Martial Artist (level 17, -2/140 HPs)
             Began as a Demonspawn Cinder Acolyte on Dec 9, 2021.
             Was the Champion of Makhleb.
             Shot with a bolt by a yaktaur captain (42 damage)
             ... on level 1 of the Vaults on Dec 10, 2021.
             The game lasted 01:48:46 (49778 turns).

Jannitor the Martial Artist (DsCA)                 Turns: 49778, Time: 01:48:47

Health: -2/140     AC: 18    Str: 19    XL:     17   Next: 69%
Magic:  0/33       EV: 19    Int: 22    God:    Makhleb [******]
Gold:   1364       SH:  5    Dex: 22    Spells: 15/40 levels left

rFire   . . .      SeeInvis .     - Unarmed
rCold   . . .      Faith    .   (no shield)
rNeg    . . .      Spirit   +   Q - +6 acid dragon scales
rPois   +          Reflect  +   N - +2 hat of Yredelemnul's Wrath {rCorr Str+4 Int+2}
rElec   .          Harm     .   W - scarf {shadows}
rCorr   +          Rampage  .   (gloves unavailable)
Will    +....                   b - +0 pair of boots
Stlth   ++++++....              S - amulet "Imusevy" {Reflect Regen+ SH+5}
HPRegen 1.13/turn               l - ring of Shadows {Umbra +Inv Stlth+}
MPRegen 0.46/turn               J - ring of Syacofao {Int+4 Dex+6}

@: mighty, about to teleport, marked, wreathed by umbra, invisible
A: claws 3, rugged brown scales 1, ignite blood 3, magic shield, magic
regeneration, poison resistance
}: 1/15 runes: gossamer
a: Renounce Religion, Evoke Invisibility, Minor Destruction, Lesser Servant of
Makhleb, Major Destruction, Greater Servant of Makhleb


You were on level 1 of the Vaults.
You worshipped Makhleb.
Makhleb was exalted by your worship.
You visited 6 branches of the dungeon, and saw 29 of its levels.
You also visited: Gauntlet, Ice Cave and Volcano.

You collected 3491 gold pieces.
You spent 2127 gold pieces at shops.

Inventory:

Missiles
 i - 97 poisoned darts
 u - 5 curare-tipped darts (quivered)
 K - a throwing net
Armour
 b - a +0 pair of boots (worn)
 c - the +10 tower shield of Ignorance {rN+ Int-4}
   (You found it on level 6 of the Lair of Beasts)

   Int:       It affects your intelligence (-4).
   rN:        It protects you from negative energy.
 t - a +0 scale mail of poison resistance
 D - +0 ice dragon scales
 N - the +2 hat of Yredelemnul's Wrath (worn) {rCorr Str+4 Int+2}
   (You acquired it on level 6 of the Lair of Beasts)

   Str:       It affects your strength (+4).
   Int:       It affects your intelligence (+2).
   rCorr:     It protects you from acid and corrosion.
 P - a +0 cloak
 Q - +6 acid dragon scales (worn)
 W - a scarf of shadows (worn)
Jewellery
 a - the ring "Covovveh" {rF+ rC+ rCorr}
   (You acquired it on level 6 of the Lair of Beasts)

   [ring of protection from cold]

   rF:        It protects you from fire.
   rC:        It protects you from cold.
   rCorr:     It protects you from acid and corrosion.
 d - a ring of willpower
 l - the ring of Shadows (left claw) {Umbra +Inv Stlth+}
   (You bought it in a shop on level 2 of the Orcish Mines)

   [ring of stealth]

   It surrounds you with an aura of shadow, increasing your stealth and reducing
   the accuracy of all others within it.
   +Inv:      It lets you turn invisible.
   Stlth:     It makes you more stealthy.
 y - a ring of flight
 E - a ring of see invisible
 G - a ring of ice
 J - the ring of Syacofao (right claw) {Int+4 Dex+6}
   (You found it in a Gauntlet)

   [ring of dexterity]

   Int:       It affects your intelligence (+4).
   Dex:       It affects your dexterity (+6).
 S - the amulet "Imusevy" (around neck) {Reflect Regen+ SH+5}
   (You bought it in a shop on level 2 of the Orcish Mines)

   [amulet of reflection]

   It reflects blocked missile attacks.
   Regen:     It increases your rate of health regeneration.
   SH:        It affects your SH (+5).
Wands
 n - a wand of polymorph (5)
 r - a wand of flame (47)
 s - a wand of paralysis (11)
 v - a wand of iceblast (8)
 x - a wand of acid (4)
 H - a wand of digging (23)
 O - a wand of charming (3)
 R - a wand of mindburst (5)
Scrolls
 e - 4 scrolls of vulnerability
 f - 7 scrolls of teleportation
 g - 4 scrolls of amnesia
 h - a scroll of fear
 m - 3 scrolls of blinking
 w - 3 scrolls of fog
 M - 3 scrolls of identify
 T - 2 scrolls of summoning
 X - a scroll of holy word
Potions
 k - 2 potions of flight
 o - a potion of berserk rage
 p - 3 potions of brilliance
 q - a potion of cancellation
 z - 2 potions of magic
 A - 11 potions of curing
 B - 4 potions of might
 C - 2 potions of lignification
 F - a potion of invisibility
 I - 4 potions of mutation
 L - 2 potions of haste
 Z - 4 potions of ambrosia
Miscellaneous
 j - a phantom mirror


   Skills:
 + Level 13.1 Fighting
 - Level 2.8 Maces & Flails
 + Level 8.6 Armour
 + Level 9.9 Dodging
 - Level 5.6 Stealth
 + Level 14.1 Unarmed Combat
 + Level 12.4 Spellcasting
 + Level 8.3 Conjurations
 + Level 10.2 Transmutations
 - Level 7.3 Fire Magic
 - Level 3.0 Air Magic
 + Level 6.5 Invocations
 + Level 5.3 Evocations


You had 15 spell levels left.
You knew the following spells:

 Your Spells              Type           Power      Damage    Failure   Level
a - Scorch                Fire           92%        2d9       1%          2
b - Irradiate             Conj/Tmut      26%        3d22      3%          5
c - Sticky Flame          Conj/Fire      48%        2d7       2%          4
d - Storm Form            Tmut/Air       21%        N/A       97%         7
e - Dragon Form           Tmut           28%        N/A       58%         7

Your spell library contained the following spells:

 Spells                   Type           Power      Damage    Failure   Level
 Magic Dart               Conj           100%       1d8       1%          1
 Passwall                 Tmut/Erth      30%        N/A       1%          2
 Static Discharge         Conj/Air       38%        N/A       1%          2
 Blade Hands              Tmut           28%        N/A       2%          5
 Mephitic Cloud           Conj/Pois/Air  30%        N/A       3%          3
 Stone Arrow              Conj/Erth      62%        3d10      3%          3
 Swiftness                Air            27%        N/A       4%          3
 Sandblast                Erth           26%        2d8       6%          1
 Slow                     Hex            52%        N/A       6%          1
 Ice Form                 Ice/Tmut       36%        N/A       7%          4
 Call Imp                 Summ           13%        N/A       9%          2
 Lightning Bolt           Conj/Air       19%        1d33      16%         5
 Confusing Touch          Hex            13%        N/A       17%         3
 Frozen Ramparts          Ice            26%        1d4       17%         3
 Ozocubu's Armour         Ice            13%        N/A       17%         3
 Portal Projectile        Hex/Tloc       26%        N/A       17%         3
 Vampiric Draining        Necr           13%        2d6       17%         3
 Summon Lightning Spire   Summ/Air       20%        N/A       30%         4
 Animate Armour           Summ/Erth      26%        N/A       50%         4
 Animate Dead             Necr           6%         N/A       50%         4
 Dispel Undead            Necr           13%        3d9       50%         4
 Summon Ice Beast         Ice/Summ       13%        N/A       50%         4
 Borgnjor's Vile Clutch   Necr/Erth      6%         N/A       85%         5
 Excruciating Wounds      Necr           6%         N/A       85%         5
 Iron Shot                Conj/Erth      15%        9d4       85%         6
 Death Channel            Necr           6%         N/A       100%        6
 Malign Gateway           Summ/Tloc      6%         N/A       100%        7
 Ozocubu's Refrigeration  Ice            6%         4d6       100%        7
 Maxwell's Capacitive Co  Air            13%        ∞         100%        8
 Summon Horrible Things   Summ           6%         N/A       100%        8


Dungeon Overview and Level Annotations

Branches:
Dungeon (15/15)            Temple (1/1) D:4            Lair (6/6) D:8
  Swamp (0/4) Lair:2       Spider (4/4) Lair:2        Slime (0/5) Lair:6
    Orc (2/2) D:12            Elf (0/3) Orc:2        Vaults (1/5) D:14
 Depths (0/4) D:15          IceCv (visited)         Volcano (visited)
Gauntlet (visited)

Altars:
Ashenzari
Cheibriados
Elyvilon
Gozag
Kikubaaqudgha
Makhleb
Nemelex Xobeh
Okawaru
Qazlal
Ru
Uskayaw
Vehumet
The Shining One
Beogh
Jiyva

Shops:
D:2 (   D:4 *   D:5 (   D:14 *   Orc:2 !(?=

Portals:
Pandemonium: Orc:2

Annotations:
D:15 exclusion: 2 meliai, Jorgrun
Lair:2 1 runed translucent door, Peloso's ghost, journeyman MiFi
Lair:4 3 runed translucent doors, Mexzic's ghost, journeyman TeCj; Weskac's ghost, journeyman DsVM
Lair:5 1 runed translucent door, Isinocoe's ghost, journeyman VSEn
Spider:2 2 runed translucent doors, Lad Uromn's ghost, adept DjFE
Spider:3 3 runed translucent doors, Adeche Beuh's ghost, journeyman DrCj; Gad Huqe's ghost, journeyman FeBe
Vaults:1 3 exclusions


Innate Abilities, Weirdness & Mutations

You have claws for hands.
You are partially covered in rugged brown scales. (AC +1, +3% HP)
Your demonic aura causes all spilled blood to erupt in flames.
When hurt, damage is shared between your health and your magic reserves.
You regenerate magic rapidly.
Your system is resistant to poisons. (rPois)


Message History

As you read the scroll of teleportation, it crumbles to dust.
You feel strangely unstable.
The orc warlord is engulfed in blazing flames.
You block the orc warlord's attack.
The orc knight hits you but does no damage.
The yaktaur shoots a bolt.
The orc warlord blocks the bolt.
The orc knight unwields a +0 war axe.
The orc knight wields a +0 arbalest.
The orc knight shoots a bolt.
The bolt closely misses the orc knight.
The bolt hits the orc warlord.
The orc knight misses you.
The yaktaur captain shoots a bolt.
You reflect the bolt off an invisible shield around you!
The bolt hits the orc warlord!
The bolt burns the orc warlord!
Unknown command.
Unknown command.
You strike the helpless orc warlord from behind!
You scratch the orc warlord but do no damage.
The orc warlord is almost dead.
The orc warlord no longer looks unusually strong.
The orc warlord is engulfed in blazing flames.
The orc warlord hits you with a +2 dire flail of protection!!
* * * LOW HITPOINT WARNING * * *
The orc warlord is engulfed in blazing flames.
The orc warlord roars a battlecry!
The orc warlord goes into a battle-frenzy!
The orc knight misses you.
The yaktaur shoots a bolt.
The bolt hits the orc warlord.
The orc knight closely misses you.
You mangle the orc warlord!!
You kill the orc warlord!
Makhleb accepts your kill.
You feel better.
The yaktaur captain shoots a bolt.
The bolt closely misses you.
The yaktaur shoots a bolt.
The bolt hits the orc warlord!!!
The orc warlord is engulfed in blazing flames.
You scratch the orc knight. You claw the orc knight!
The orc knight is lightly wounded.
The yaktaur shoots a bolt.
The bolt hits the orc knight!
The orc knight is engulfed in blazing flames.
You block the orc knight's attack. x2; The yaktaur captain shoots a bolt.
The bolt hits you!!!
You die...

# ######### #.
#.......#
#..#.......#......#
#.oc[.o))..#......#
#.o#...o☼..#......# #.
#..))○○.#......# #
#...○○@.#......+
#######o#......########
......☼op.............
......cc..............
...###################
.. .


You could see a yaktaur captain, 4 orc knights, an ironbound convoker and 2
yaktaurs.

Vanquished Creatures
  Arachne (Spider:4)
  2 frost giants (IceCv)
  4 orc warlords
  2 ghost moths (Spider:4)
  8 emperor scorpions
  2 vault wardens (Vaults:1)
  2 ironbound preservers (Vaults:1)
  An entropy weaver (Vaults:1)
  A dire elephant (Vaults:1)
  A white draconian (IceCv)
  A minotaur (Gauntlet)
  The ghost of Peloso the Carver, a journeyman MiFi of Okawaru (Orc:2)
  A blizzard demon (Gauntlet)
  2 yaktaur captains (Vaults:1)
  2 vault guards (Vaults:1)
  6 ice dragons (IceCv)
  3 catoblepae (Lair:6)
  9 hydras
  2 ironbound thunderhulks (Vaults:1)
  A rakshasa (D:15)
  2 demonspawn (Orc:2)
  6 boulder beetles
  10 centaur warriors
  6 ironbound frosthearts (IceCv)
  A death knight (D:11)
  10 two-headed ogres
  15 death yaks
  A soul eater (Orc:1)
  7 orc high priests
  6 skeletal warriors
  An orange crystal statue (IceCv)
  2 lindwurms (Vaults:1)
  2 wizards
  Pikel (D:6)
  An ironbound convoker (Vaults:1)
  A necromancer (D:14)
  4 deep elf pyromancers
  17 orb spiders
  8 orc knights
  8 wolf spiders
  19 ugly things
  3 cyclopes
  An oklob plant (Gauntlet)
  5 orc sorcerers (Orc:2)
  A shining eye (shapeshifter) (D:15)
  5 manticores
  A salamander (D:15)
  2 moths of wrath
  A vault sentinel (Vaults:1)
  A rust devil (Orc:1)
  5 black mambas
  19 elephants
  A torpor snail (Spider:2)
  A gargoyle (D:12)
  14 cane toads
  9 komodo dragons
  7 yaktaurs (Vaults:1)
  10 rime drakes
  2 unseen horrors
  Maggie (D:9)
  3 efreet
  9 demonic crawlers
  2 tengu conjurers (D:13)
  An ice devil (Gauntlet)
  18 jumping spiders
  12 polar bears
  A red devil (Orc:2)
  6 blink frogs
  2 trolls
  A tyrant leech (Lair:1)
  4 slime creatures
  26 dream sheep
  A shadow (D:9)
  30 tarantellas
  84 redbacks
  7 wraiths
  A ynoxinul (Orc:2)
  18 fire elementals
  44 yaks
  A vampire (D:14)
  2 wyverns (Lair:4)
  2 basilisks (Lair:6)
  Menkaure (D:6)
  A steam dragon (Lair:5)
  9 wargs
  3 acid dragons
  8 swamp worms
  10 water moccasins
  2 sky beasts (D:6)
  40 orc warriors
  A hornet zombie (D:6)
  3 black bears
  9 ogres
  2 necrophages (D:7)
  11 wolves
  13 centaurs
  4 kobold brigands
  2 wyvern zombies
  14 bullfrogs
  Blork the orc (D:6)
  5 scorpions
  3 wyvern skeletons (D:6)
  2 water moccasin skeletons (D:5)
  5 wights
  4 electric eels
  5 howler monkeys
  4 centaur zombies
  26 orc priests
  2 gnoll shamans
  2 hounds
  Jessica (D:2)
  3 iguanas
  22 orc wizards
  A killer bee zombie (D:9)
  A hound skeleton (D:4)
  A howler monkey zombie (D:7)
  16 gnolls
  4 adders
  5 white imps
  2 ufetubi
  An adder skeleton (D:4)
  3 dart slugs (D:2)
  3 worms
  102 orcs
  4 endoplasms
  3 giant cockroaches
  8 goblins
  6 hobgoblins
  8 jackals
  A quokka (D:5)
  6 ball pythons
  4 bats
  3 frilled lizards
  27 kobolds
  4 rats
  A bush (Lair:5)
976 creatures vanquished.

Vanquished Creatures (collateral kills)
  A troll (Orc:1)
  An ogre (Orc:1)
  An orc priest (Orc:1)
  An orc (Orc:1)
4 creatures vanquished.

Vanquished Creatures (others)
  A troll (Orc:1)
  A polar bear (IceCv)
  An orc wizard (D:6)
  A bush (D:10)
  12 foxfires (D:4)
  47 fungi
  80 plants
  2 withered plants (Spider:3)
145 creatures vanquished.

Grand Total: 1125 creatures vanquished

Notes
Turn   | Place    | Note
-------+----------+-------------------------------------------
     0 | D:1      | Jannitor the Demonspawn Cinder Acolyte began the quest for
                  | the Orb.
     0 | D:1      | Reached XP level 1. HP: 18/18 MP: 2/2
   701 | D:1      | Gained mutation: You have sharp fingernails. [demonic
                  | ancestry]
   701 | D:1      | Reached XP level 2. HP: 19/24 MP: 3/3
  1251 | D:1      | Found a faded altar of an unknown god.
  1657 | D:2      | Noticed Jessica
  1713 | D:1      | Learned a level 2 spell: Scorch
  2230 | D:2      | Found Reymau's Antique Weapon Emporium.
  2246 | D:1      | Reached skill level 1 in Unarmed Combat
  2605 | D:2      | Reached XP level 3. HP: 29/29 MP: 4/4
  2608 | D:2      | Killed Jessica
  2609 | D:2      | Reached skill level 2 in Unarmed Combat
  3056 | D:2      | Reached XP level 4. HP: 24/35 MP: 5/5
  3832 | D:3      | Reached skill level 3 in Unarmed Combat
  4614 | D:3      | Reached skill level 4 in Unarmed Combat
  4614 | D:3      | Gained mutation: You regenerate magic rapidly. [demonic
                  | ancestry]
  4614 | D:3      | Reached XP level 5. HP: 40/41 MP: 1/6
  4965 | D:4      | Found a staircase to the Ecumenical Temple.
  5136 | D:4      | Noticed a black bear
  5640 | D:4      | Found Maopp's Serpentskin Sales.
  5640 | D:4      | Noticed a water moccasin
  5640 | D:4      | Noticed a water moccasin
  5644 | D:4      | Killed a water moccasin
  5645 | D:4      | Reached skill level 1 in Evocations
  5645 | D:4      | Gained mutation: Your demonic aura sometimes causes spilled
                  | blood to erupt in flames. [demonic ancestry]
  5645 | D:4      | Reached XP level 6. HP: 38/47 MP: 5/9
  5645 | D:4      | Killed a water moccasin
  5646 | D:4      | Reached skill level 5 in Unarmed Combat
  5758 | D:4      | Bought a +0 scale mail of poison resistance for 88 gold
                  | pieces
  5790 | D:4      | Bought 4 curare-tipped darts for 26 gold pieces
  5812 | D:4      | Reached XP level 7. HP: 30/52 MP: 0/11
  6350 | D:5      | Entered Level 5 of the Dungeon
  6500 | D:5      | Reached skill level 1 in Armour
  6661 | D:5      | HP: 2/52 [wyvern zombie (8)]
  7155 | D:5      | Found Hakilin's Weapon Shop.
  7167 | D:5      | Reached skill level 6 in Unarmed Combat
  8126 | D:6      | Noticed Menkaure
  8139 | D:6      | Gained mutation: Your demonic aura often causes spilled
                  | blood to erupt in flames. [demonic ancestry]
  8139 | D:6      | Reached XP level 8. HP: 50/58 MP: 11/13
  8452 | D:6      | Killed Menkaure
  8679 | D:6      | Reached skill level 7 in Unarmed Combat
  9070 | D:6      | Noticed Blork the orc
  9088 | D:6      | Killed Blork the orc
  9242 | D:6      | Noticed Pikel
  9256 | D:6      | Killed Pikel
  9257 | D:6      | Reached XP level 9. HP: 60/65 MP: 15/15
  9763 | D:7      | Found a stormy altar of Qazlal.
 10045 | D:7      | Reached skill level 8 in Unarmed Combat
 10227 | D:7      | Reached skill level 5 in Evocations
 10499 | D:7      | Reached skill level 5 in Spellcasting
 10710 | D:8      | Learned a level 5 spell: Irradiate
 10721 | D:8      | Found a staircase to the Lair.
 10947 | D:8      | Found a radiant altar of Vehumet.
 11423 | D:9      | Reached skill level 1 in Dodging
 11423 | D:9      | Reached skill level 1 in Transmutations
 11622 | D:9      | Noticed Maggie
 11627 | D:9      | Killed Maggie
 11754 | D:9      | Gained mutation: You have very sharp fingernails. [demonic
                  | ancestry]
 11754 | D:9      | Reached XP level 10. HP: 26/73 MP: 18/18
 12011 | D:9      | Found an opulent altar of Gozag.
 12012 | D:9      | Found a hide-covered altar of Uskayaw.
 12131 | D:9      | Reached skill level 5 in Fighting
 12645 | D:10     | Entered Level 10 of the Dungeon
 12772 | D:10     | Reached skill level 9 in Unarmed Combat
 13443 | D:10     | Reached skill level 5 in Armour
 13868 | D:10     | Noticed a centaur warrior
 14147 | Lair:1   | Entered Level 1 of the Lair of Beasts
 14311 | Lair:1   | Found a dark tunnel.
 14358 | Volcano  | Entered a volcano
 14436 | Volcano  | Noticed a stone giant
 15209 | Lair:1   | HP: 1/76 [komodo dragon (27)]
 15627 | Lair:1   | Noticed a cane toad
 15640 | Lair:1   | Killed a cane toad
 16034 | Lair:1   | Reached XP level 11. HP: 60/81 MP: 13/20
 16218 | Lair:1   | Learned a level 4 spell: Sticky Flame
 17434 | Lair:2   | Found a runed translucent door.
 17435 | Lair:2   | Identified the +9 trident of Moral Flaws {protect, Str+2}
 17435 | Lair:2   | Noticed a spriggan rider
 17436 | Lair:2   | Noticed Peloso's ghost (journeyman MiFi)
 17444 | Lair:2   | Found a hole to the Spider Nest.
 17723 | Lair:2   | Found a staircase to the Swamp.
 17857 | Lair:3   | Reached skill level 10 in Unarmed Combat
 17993 | Lair:3   | Noticed a six-headed hydra
 18008 | Lair:3   | Killed a six-headed hydra
 18748 | Lair:2   | Reached skill level 5 in Fire Magic
 20317 | Lair:4   | Noticed a death yak
 20540 | Lair:4   | Noticed a death yak
 20545 | Lair:4   | Noticed a death yak
 20577 | Lair:4   | Reached XP level 12. HP: 87/91 MP: 13/23
 21182 | Lair:4   | Reached skill level 1 in Conjurations
 22126 | D:10     | Killed a centaur warrior
 22575 | D:11     | Noticed a centaur warrior
 22588 | D:11     | Killed a centaur warrior
 22962 | D:11     | Noticed Maurice
 22963 | D:11     | Noticed Maurice
 22963 | D:11     | Maurice changed into Maurice the scorpion
 22967 | D:11     | Killed Maurice the scorpion
 23837 | D:12     | Noticed a boulder beetle
 24278 | D:12     | Noticed a death knight
 24339 | D:11     | Killed a boulder beetle
 24667 | D:12     | Found a staircase to the Orcish Mines.
 24706 | D:12     | Reached skill level 11 in Unarmed Combat
 24736 | D:12     | Noticed a centaur warrior
 24862 | D:12     | Killed a centaur warrior
 25183 | D:11     | Killed a death knight
 25499 | D:12     | Gained mutation: You have claws for hands. [demonic
                  | ancestry]
 25499 | D:12     | Reached XP level 13. HP: 74/99 MP: 17/25
 26351 | Orc:1    | Entered Level 1 of the Orcish Mines
 26369 | Orc:1    | Noticed an orc warlord
 26720 | D:12     | Killed an orc warlord
 28692 | Orc:2    | Entered Level 2 of the Orcish Mines
 28695 | Orc:2    | Found a transporter.
 28696 | Orc:2    | Noticed Peloso's ghost (journeyman MiFi)
 28697 | Orc:2    | Found a transporter.
 28701 | Orc:2    | Identified the +5 giant club of the Jester {protect, rPois}
 29357 | Orc:2    | Reached skill level 5 in Transmutations
 29879 | Orc:2    | Found a staircase to the Elven Halls.
 29916 | Orc:2    | Noticed an orc warlord
 29957 | Orc:2    | Reached skill level 5 in Conjurations
 29961 | Orc:2    | Killed an orc warlord
 30888 | Orc:2    | Noticed an orc warlord
 31109 | Orc:2    | Killed an orc warlord
 31580 | Orc:2    | Found Nauvaug's Distillery.
 31581 | Orc:2    | Found Fikealau's Magic Scroll Shop.
 32470 | Orc:2    | Bought a potion of resistance for 180 gold pieces
 32470 | Orc:2    | Bought a potion of might for 72 gold pieces
 32470 | Orc:2    | Bought a potion of curing for 54 gold pieces
 32472 | Orc:2    | Bought a scroll of enchant armour for 105 gold pieces
 32864 | Orc:1    | Reached skill level 5 in Dodging
 33642 | Orc:2    | Gained mutation: When hurt, damage is shared between your
                  | health and your magic reserves. [demonic ancestry]
 33642 | Orc:2    | Reached XP level 14. HP: 80/109 MP: 9/27
 34267 | Orc:2    | Found Juceol's Jewellery Shoppe.
 34267 | Orc:2    | Found Rahotim's Antique Weapon Emporium.
 34267 | Orc:2    | Found a one-way gate leading to the halls of Pandemonium.
 34286 | Orc:2    | Bought the amulet "Imusevy" {Reflect Regen+ SH+5} for 666
                  | gold pieces
 34296 | Orc:2    | Bought the ring of Shadows {Umbra +Inv Stlth+} for 720 gold
                  | pieces
 34296 | Orc:2    | Found the ring of Shadows {Umbra +Inv Stlth+}
 34530 | D:13     | Reached skill level 10 in Fighting
 34796 | D:13     | Reached skill level 12 in Unarmed Combat
 35788 | D:14     | Found Higeg's Neck Hole.
 35800 | D:14     | Bought a scarf of shadows for 216 gold pieces
 35980 | D:14     | Reached skill level 1 in Stealth
 36120 | D:14     | Reached skill level 10 in Spellcasting
 36187 | D:14     | Found a gate to the Vaults.
 36623 | Lair:4   | Found a runed translucent gate.
 36623 | Lair:4   | Found a runed translucent gate.
 36624 | Lair:4   | Found a runed translucent gate.
 36625 | Lair:4   | Noticed Mexzic's ghost (journeyman TeCj)
 36625 | Lair:4   | Noticed Weskac's ghost (journeyman DsVM)
 36767 | Lair:5   | Found a gate leading to a gauntlet.
 36775 | Gauntlet | Entered a Gauntlet
 36775 | Gauntlet | Found a transporter.
 36775 | Gauntlet | Found a runed translucent door.
 36776 | Gauntlet | Found a runed translucent door.
 36784 | Gauntlet | Found a transporter.
 36796 | Gauntlet | Found a transporter.
 36811 | Gauntlet | Found a transporter.
 36820 | Gauntlet | Found a transporter.
 36831 | Gauntlet | Found a transporter.
 36838 | Gauntlet | Found a transporter.
 36855 | Gauntlet | Found a transporter.
 36863 | Gauntlet | Found a runed translucent door.
 36865 | Gauntlet | Found a transporter.
 36866 | Gauntlet | Found a runed translucent door.
 36867 | Gauntlet | Found a transporter.
 36882 | Gauntlet | Found a transporter.
 36919 | Gauntlet | Found a transporter.
 36953 | Gauntlet | Found a transporter.
 36976 | Gauntlet | Noticed a quicksilver ooze
 36976 | Gauntlet | a bunyip changed into a quicksilver ooze
 36978 | Gauntlet | Found a transporter.
 36978 | Gauntlet | a quicksilver ooze changed into a seven-headed hydra
 37156 | Gauntlet | Noticed a quicksilver ooze
 37156 | Gauntlet | a tyrant leech changed into a quicksilver ooze
 37160 | Gauntlet | a quicksilver ooze changed into a catoblepas
 37177 | Gauntlet | Noticed an emperor scorpion
 37177 | Gauntlet | a catoblepas changed into an emperor scorpion
 37178 | Gauntlet | an emperor scorpion changed into an eight-headed hydra
 37238 | Gauntlet | Noticed an azure jelly
 37244 | Gauntlet | Noticed a fenstrider witch
 37244 | Gauntlet | an azure jelly changed into a fenstrider witch
 37245 | Gauntlet | Identified the ring of Syacofao {Int+4 Dex+6}
 37281 | Gauntlet | Identified the +7 hunting sling "Nuuliacu" {speed, rC+++
                  | Will- rCorr Stlth+}
 37456 | Lair:5   | Upgraded the game from 0.28-a0-1074-g3cb2360906 to
                  | 0.28-a0-1084-ga282ea246d
 37549 | Lair:5   | Noticed Isinocoe's ghost (journeyman VSEn)
 37552 | Lair:5   | Found a runed translucent door.
 37782 | Lair:5   | Gained mutation: Your demonic aura causes all spilled blood
                  | to erupt in flames. [demonic ancestry]
 37782 | Lair:5   | Reached XP level 15. HP: 106/111 MP: 29/29
 37890 | Lair:5   | Identified the +7 long sword "Kunwed" {vorpal, Str+2 Int+7
                  | Dex+2}
 38148 | Lair:6   | Entered Level 6 of the Lair of Beasts
 38681 | Lair:6   | Identified 2 scrolls of acquirement
 38683 | Lair:6   | Acquired the +2 hat of Yredelemnul's Wrath {rCorr Str+4
                  | Int+2}
 38699 | Lair:6   | Acquired the ring "Covovveh" {rF+ rC+ rCorr}
 39187 | Lair:6   | Found the +10 tower shield of Ignorance {rN+ Int-4}
 39525 | Lair:6   | Found a viscous altar of Jiyva.
 39525 | Lair:6   | Found a staircase to the Slime Pits.
 39671 | Lair:6   | Identified the +1 robe of Intuition {*Corrode Str+3 Slay+5}
 39759 | Lair:6   | Reached skill level 13 in Unarmed Combat
 40280 | Temple   | Entered the Ecumenical Temple
 40364 | Temple   | Fell from the grace of Ignis
 40364 | Temple   | Became a worshipper of Makhleb the Destroyer
 40743 | Orc:2    | Reached skill level 5 in Stealth
 40754 | Orc:2    | Killed Peloso's ghost
 40866 | D:15     | Entered Level 15 of the Dungeon
 41078 | D:15     | Found a staircase to the Depths.
 41207 | D:15     | Learned a level 7 spell: Storm Form
 41303 | D:15     | Reached * piety under Makhleb
 41398 | D:15     | Noticed Jorgrun
 41807 | D:15     | Gained mutation: Your system is resistant to poisons.
                  | (rPois) [a shining eye]
 41870 | D:15     | Reached XP level 16. HP: 127/127 MP: 31/31
 42424 | D:15     | Was forgiven by Ignis
 42832 | Spider:1 | Entered Level 1 of the Spider Nest
 42953 | Spider:1 | Reached skill level 1 in Air Magic
 43150 | Spider:1 | Reached ** piety under Makhleb
 43864 | Spider:1 | Reached *** piety under Makhleb
 44375 | Spider:2 | Reached skill level 1 in Invocations
 44445 | Spider:2 | Found a frozen archway.
 44458 | IceCv    | Entered an ice cave
 45091 | IceCv    | Reached **** piety under Makhleb
 45982 | Spider:2 | Found a large runed translucent door.
 45982 | Spider:2 | Found a large runed translucent door.
 46268 | Spider:2 | Noticed Lad Uromn's ghost (adept DjFE)
 46670 | Spider:3 | Reached ***** piety under Makhleb
 47202 | Spider:3 | Gained mutation: You are partially covered in rugged brown
                  | scales. (AC +1, +3% HP) [demonic ancestry]
 47202 | Spider:3 | Reached XP level 17. HP: 119/139 MP: 28/33
 47433 | Spider:3 | Found a runed translucent gate.
 47433 | Spider:3 | Found a runed translucent gate.
 47434 | Spider:3 | Found a runed translucent gate.
 47435 | Spider:3 | Noticed Gad Huqe's ghost (journeyman FeBe)
 47435 | Spider:3 | Noticed Adeche Beuh's ghost (journeyman DrCj)
 47811 | Spider:4 | Entered Level 4 of the Spider Nest
 47918 | Spider:4 | Noticed Arachne
 47935 | Spider:4 | Killed Arachne
 48215 | Spider:4 | Reached skill level 5 in Invocations
 48385 | Spider:4 | Learned a level 7 spell: Dragon Form
 48862 | Spider:4 | Reached skill level 10 in Transmutations
 49025 | Spider:4 | Reached skill level 14 in Unarmed Combat
 49175 | Spider:4 | Got a gossamer rune of Zot
 49464 | Vaults:1 | Entered Level 1 of the Vaults
 49616 | Vaults:1 | Reached ****** piety under Makhleb
 49778 | Vaults:1 | Shot with a bolt by a yaktaur captain

Illustrated notes

Levels and vault maps discovered:
D:1:      dpeg_arrival_round_a, layout_basic,
          hellmonk_ecumenical_altar_inner_sanctum
D:2:      layout_basic, serial_shops, nicolae_shop_crystal, st_stairs_12,
          uniq_jessica
D:3:      layout_loops_ring, kennysheep_generic_room_9
D:4:      layout_cave_pods, minmay_temple_entry_junction, guppyfry_shop_venom
D:5:      layout_basic, serial_rivers, chequers_serial_rivers_marsh,
          chequers_serial_rivers_room_a, chequers_serial_rivers_micro_d,
          chequers_serial_rivers_micro_b, chequers_serial_rivers_micro_d,
          chequers_serial_rivers_micro_e, serial_shops,
          nicolae_inconvenience_store, grunt_tough_drop
D:6:      layout_rooms, uniq_menkaure, uniq_blork_the_orc, uniq_pikel
D:7:      layout_basic, grunt_qazlal_clouds
D:8:      layout_basic, vehumet_crystals, lair_entry_dummy,
          kennysheep_cluttered_room
D:9:      layout_irregular_city, grunt_temple_overflow_open, serial_glass,
          glass_columns_a, glass_columns_b, feat_on_display, item_on_display_a,
          minmay_strange_pillars, hangedman_abyss_or_decor_clamps, uniq_maggie
D:10:     layout_irregular_city, minivault_10, kb_lookout_dungeons_type
D:11:     layout_loops_ring, uniq_maurice
D:12:     layout_loops_ring, erik_orc_4
D:13:     layout_roguey [special_room_orc]
D:14:     layout_rooms, david_vaults_1, glass_columns_c,
          nicolae_shop_sticking_my_neck_out
D:15:     hangedman_depths_entry_try_elsewhere_first, layout_small_grid,
          uniq_jorgrun
Temple:   dpeg_five_rooms_temple
Lair:1:   layout_chaotic_city, nicolae_volcano_entry_two_sided, worms_lemuel
Lair:2:   layout_gridlike, minmay_swamp_entry_worms,
          spider_nest_entry_web_field, ebering_ghost_funeral_grove,
          small_statue_intersection
Lair:3:   layout_regular_city
Lair:4:   layout_loops_ring, gammafunk_ghost_cemetery, serial_bayou_shore_b,
          infiniplex_staircase_pool_2, grunt_megastairs_5
Lair:5:   layout_loops_ring, gauntlet_entry_generic,
          hellmonk_ghost_happy_afterlife
Lair:6:   evilmike_catoblepas_cave, layout_gridlike, slime_altar_1,
          lemuel_fruit_fields, serial_bayou_shore_b, serial_bayou_shore_a
Spider:1: layout_spider_delve, hangedman_spider_mandibles
Spider:2: layout_spider_delve, portal_ice_cave_entry_pillars_2,
          ebering_ghost_disaster_area, nicolae_spider_nooks_and_crannies
Spider:3: layout_spider_delve, gammafunk_ghost_cemetery, nicolae_spider_orb_run
Spider:4: grunt_spider_rune_circles, uniq_arachne
Orc:1:    layout_caves
Orc:2:    pf_orc_diabolical, layout_diamond_mine, gammafunk_ghost_smash
Vaults:1: portal_desolation_entry_nicolae_nacl, nicolae_vaults_yaktaur_gun_rack,
          nicolae_vaults_network_quincunx
          [nicolae_vaults_network_quincunx_subvault,
          nicolae_vaults_network_quincunx_subvault,
          nicolae_vaults_network_quincunx_subvault,
          nicolae_vaults_network_quincunx_subvault,
          nicolae_vaults_network_quincunx_subvault], nicolae_vaults_alarming,
          v_alt_pattern_1, layout_vaults_quadrants

Skill      XL: |  1  2  3  4  5  6  7  8  9 10 11 12 13 14 15 16 17 |
---------------+----------------------------------------------------+-----
Unarmed Combat | 1 2 4 5 6 7 8 9 10 11 12 13 14 | 14.1
Spellcasting   | 2 3 4 5 6 7 8 9 10 11 12 | 12.4
Evocations     | 1 2 3 4 5 |  5.3
Armour         | 2 3 4 5 6 7 8 |  8.6
Fighting       | 4 6 7 8 9 10 11 12 13 | 13.1
Dodging        | 1 3 5 6 8 9 |  9.9
Transmutations | 1 3 4 5 7 8 9 10 | 10.2
Fire Magic     | 6 7 |  7.3
Conjurations   | 3 5 6 7 8 |  8.3
Stealth        | 2 5 |  5.6
Air Magic      | 3 |  3.0
Invocations    | 4 6 |  6.5
Maces & Flails | |  2.8

Action                   |  1- 3 |  4- 6 |  7- 9 | 10-12 | 13-15 | 16-18 || total
-------------------------+-------+-------+-------+-------+-------+-------++-------
Melee: Mace              |    29 |       |       |       |       |       ||    29
       Unarmed           |   108 |   136 |   265 |   331 |  1054 |   816 ||  2710
       Punch             |     1 |     1 |    10 |    19 |    91 |    93 ||   215
Throw: Dart              |     1 |     5 |     5 |    14 |    12 |       ||    37
 Cast: Scorch            |     8 |    19 |    63 |   247 |   244 |   150 ||   731
       Sticky Flame      |       |       |       |     6 |    62 |    32 ||   100
       Irradiate         |       |       |       |       |       |    15 ||    15
Invok: Fiery Armour      |     1 |     1 |     3 |     2 |     2 |       ||     9
       Foxfire Swarm     |       |     1 |       |       |       |       ||     1
 Abil: Evoke Invisibilit |       |       |       |       |     1 |     1 ||     2
Evoke: Wand              |       |     1 |    13 |    18 |    19 |     8 ||    59
       Phantom mirror    |       |       |       |     2 |     1 |       ||     3
  Use: Potion            |     3 |       |     5 |     8 |    12 |     5 ||    33
       Scroll            |       |       |       |    24 |    11 |    11 ||    46
 Stab: Sleeping          |       |     1 |       |       |    14 |    19 ||    34
       Invisible         |       |       |       |       |     9 |     7 ||    16
       Distracted        |       |       |       |       |     1 |     3 ||     4
       Petrified         |       |       |       |       |     3 |       ||     3
       Petrifying        |       |       |       |       |     1 |       ||     1
Armor: Robe              |    47 |    40 |       |       |       |       ||    87
       Scale mail        |       |    12 |   138 |   128 |       |       ||   278
       Acid dragon scale |       |       |       |    62 |   266 |   298 ||   626
Dodge: Dodged            |   111 |   100 |   133 |   285 |   657 |   679 ||  1965
Block: Other             |       |       |       |       |   126 |   174 ||   300
       Reflection        |       |       |       |       |     4 |     7 ||    11

Table legend: (Time is in decaauts)
 A = Elapsed time spent in this place.
 B = Non-inter-level travel time spent in this place.
 C = Inter-level travel time spent in this place.
 D = Time resting spent in this place.
 E = Time spent auto-exploring this place.
 F = Levels seen in this place.
 G = Mean time per level.
                   A        B        C        D        E       F      G
               +--------+--------+--------+--------+--------+-----+--------+
         Total |  49389 |  46788 |   2601 |  17106 |  20418 |  32 | 1543.4 |
       Dungeon |  24268 |  22912 |   1356 |   9202 |  10239 |  15 | 1617.9 |
        Temple |    136 |     84 |     52 |      0 |     74 |   1 |  136.0 |
          Lair |  10994 |  10217 |    777 |   3903 |   4326 |   6 | 1832.3 |
   Spider Nest |   5317 |   5005 |    312 |    648 |   3243 |   4 | 1329.2 |
  Orcish Mines |   6763 |   6662 |    101 |   2980 |   2121 |   2 | 3381.5 |
        Vaults |    287 |    287 |      0 |      8 |      0 |   1 |  287.0 |
      Ice Cave |   1006 |   1006 |      0 |    301 |    281 |   1 | 1006.0 |
       Volcano |    102 |    102 |      0 |      0 |     68 |   1 |  102.0 |
      Gauntlet |    512 |    512 |      0 |     63 |     65 |   1 |  512.0 |
               +--------+--------+--------+--------+--------+-----+--------+

Top non-repeatable levels by time:
   Orc:2: 3913 daAuts
  Lair:1: 2879 daAuts
   Orc:1: 2850 daAuts
    D:12: 2716 daAuts
    D:11: 2627 daAuts
     D:1: 2432 daAuts
  Lair:3: 2300 daAuts
     D:5: 1859 daAuts
     D:9: 1761 daAuts
    D:10: 1642 daAuts
  Lair:6: 1604 daAuts
  Lair:2: 1586 daAuts
    D:15: 1574 daAuts
  Lair:4: 1536 daAuts
     D:2: 1490 daAuts
